[Event "Wednesday Night Engine Tour 13 rd Swiss 3m+1s Starts at 2200hrs ST"]
[Site "Infinity Chess"]
[Date "2018.1.17"]
[Round "6"]
[White "Thinker"]
[Black "star99"]
[Result "1/2-1/2"]
[ECO "B90"]
[WhiteElo "2509"]
[BlackElo "2486"]
[WhiteEngine "BrainFish_180113_x64_modern_CTG"]
[BlackEngine "Cryptic AIL V1"]
[EventType "Swiss"]
[WhiteTeam ""]
[BlackTeam ""]
[PlyCount "83"]
[TimeControl "180+1"]

1. e4 c5 2. Nf3 d6 3. d4 cxd4 4. Nxd4 Nf6 5. Nc3 a6 6. Be3 e5 7. Nb3 Be7 
8. Be2 Be6 9. Qd3 O-O 10. O-O Nc6 11. a3 Rc8 12. Nd5 Nd7 13. Qd2 h6 14. Rfd1 Bg5 
15. Bxg5 Qxg5 16. Qxg5 hxg5 17. h3 Rfd8 18. Bg4 Nf6 19. Bxe6 fxe6 20. Nb6 Rc7 
21. f3 Nd4 22. Nxd4 exd4 23. Rxd4 Rxc2 24. e5 Nh5 25. Rxd6 Re8 26. Rad1 Rxb2 
27. Kh2 Re2 28. R1d2 Rxe5 29. Rd7 Rb5 30. Rxb7 e5 31. Rdd7 e4 32. fxe4 Rxe4 
33. Nd5 Rxb7 34. Rxb7 Kh7 35. Rb6 Re5 36. Nc7 Nf4 37. Rb2 a5 38. Rb5 Re7 
39. Nd5 Re5 40. Nc7 Re7 41. Nd5 Re5 42. Nc7 1/2-1/2

[Event "Wednesday Night Engine Tour 13 rd Swiss 3m+1s Starts at 2200hrs ST"]
[Site "Infinity Chess"]
[Date "2018.1.17"]
[Round "5"]
[White "denochss"]
[Black "OlivierEvan"]
[Result "1/2-1/2"]
[ECO "C42"]
[WhiteElo "2462"]
[BlackElo "2449"]
[WhiteEngine "BrainFish_171111_x64_bmi2"]
[BlackEngine "stockfish_18011309_x64"]
[EventType "Swiss"]
[WhiteTeam ""]
[BlackTeam ""]
[PlyCount "98"]
[TimeControl "180+1"]

1. e4 e5 2. Nf3 Nf6 3. Nxe5 d6 4. Nf3 Nxe4 5. d4 Nc6 6. d5 Ne5 7. Bb5+ Bd7 
8. Bxd7+ Qxd7 9. Qe2 Nf6 10. c4 Be7 11. Nxe5 dxe5 12. O-O O-O 13. Nc3 Qf5 
14. Be3 Bb4 15. Rac1 c6 16. Rfd1 Bxc3 17. Rxc3 cxd5 18. cxd5 Rfd8 19. d6 Qe6 
20. Qd3 Rd7 21. Rc7 Rad8 22. Rxd7 Rxd7 23. Bxa7 Qxa2 24. Qc2 Qe6 25. Bc5 h6 
26. Ba3 Nd5 27. Qc8+ Kh7 28. Qc2+ Kg8 29. g3 e4 30. Qc8+ Kh7 31. Qc4 Nf6 
32. Qxe6 fxe6 33. Rc1 Kg6 34. Rc7 Kf5 35. Kg2 e5 36. Rc8 Ke6 37. Kf1 h5 
38. h3 g5 39. Ke2 h4 40. gxh4 gxh4 41. Ke3 Rh7 42. Bc5 b6 43. Ba3 Rh5 
44. Ke2 Rf5 45. Rh8 Rf4 46. Rh6 Kd7 47. Rh8 Ke6 48. Rh6 Kd7 49. Rh8 Ke6 1/2-1/2

[Event "Wednesday Night Engine Tour 13 rd Swiss 3m+1s Starts at 2200hrs ST"]
[Site "Infinity Chess"]
[Date "2018.1.17"]
[Round "5"]
[White "avilllaa"]
[Black "Cepri"]
[Result "1/2-1/2"]
[ECO "D44"]
[WhiteElo "2462"]
[BlackElo "2484"]
[WhiteEngine "Cryptic AIL V1"]
[BlackEngine "asmFishW_12J18Mb_CTG"]
[EventType "Swiss"]
[WhiteTeam ""]
[BlackTeam ""]
[PlyCount "71"]
[TimeControl "180+1"]

1. d4 d5 2. c4 e6 3. Nc3 Nf6 4. Nf3 c6 5. Bg5 h6 6. Bh4 dxc4 7. e4 g5 8. Bg3 b5 
9. Be2 Bb7 10. h4 g4 11. Ne5 Nbd7 12. Bxg4 Nxe5 13. Bxe5 Rg8 14. Bf3 Nd7 
15. Bg3 Qb6 16. O-O O-O-O 17. a4 e5 18. axb5 cxb5 19. Bh2 exd4 20. Nd5 Bxd5 
21. exd5 Bb4 22. b3 c3 23. Re1 Rde8 24. Rxe8+ Rxe8 25. Bg4 Kd8 26. Bxd7 Kxd7 
27. Qf3 Ke7 28. Be5 Kf8 29. Qf4 c2 30. Bc7 Bd2 31. Qxd2 Qxc7 32. Qxh6+ Kg8 
33. Qg5+ Kf8 34. Qh6+ Kg8 35. Qg5+ Kf8 36. Qh6+ 1/2-1/2

[Event "Wednesday Night Engine Tour 13 rd Swiss 3m+1s Starts at 2200hrs ST"]
[Site "Infinity Chess"]
[Date "2018.1.17"]
[Round "5"]
[White "Dovahkiin"]
[Black "marudam"]
[Result "1/2-1/2"]
[ECO ""]
[WhiteElo "2434"]
[BlackElo "2489"]
[WhiteEngine "corchess_x64_modern_CTG"]
[BlackEngine "stockfish291217_CTG"]
[EventType "Swiss"]
[WhiteTeam ""]
[BlackTeam ""]
[PlyCount "121"]
[TimeControl "180+1"]

1. e3 Nf6 2. d3 c5 3. d4 g6 4. Nf3 Bg7 5. Be2 d5 6. O-O O-O 7. dxc5 Qc7 8. a3 a5 
9. Bd2 Qxc5 10. Bc3 Bg4 11. Nbd2 Nc6 12. h3 Bxf3 13. Nxf3 b5 14. Bd4 Nxd4 
15. exd4 Qb6 16. Bd3 e6 17. Qe2 Ne8 18. c3 Nd6 19. Ne5 Rfc8 20. Nd7 Qa7 
21. Ne5 Qb6 22. Nd7 Qb7 23. Nc5 Qc6 24. Rfd1 e5 25. dxe5 Re8 26. Nb3 Bxe5 
27. Qg4 Qb6 28. Nd4 Bxd4 29. Qxd4 Qxd4 30. cxd4 a4 31. Rdc1 Nc4 32. Rc2 Kf8 
33. g4 Ke7 34. f4 Kd6 35. Kf2 Rab8 36. Re1 Rec8 37. f5 b4 38. fxg6 fxg6 
39. Rce2 Rf8+ 40. Kg2 Rf4 41. Re6+ Kd7 42. Re7+ Kc6 43. Bxc4 dxc4 44. d5+ Kd6 
45. axb4 Rxb4 46. R1e6+ Kxd5 47. Re2 Rf6 48. Rxh7 Rfb6 49. Rd7+ Kc6 50. Rdd2 g5 
51. Rc2 Kc5 52. h4 gxh4 53. Kh3 Rh6 54. Re5+ Kd4 55. Rh5 a3 56. Rxh6 axb2 
57. Rxb2 Rxb2 58. Rxh4 Rb3+ 59. Kh2 c3 60. g5+ Kd3 61. Rh3+ 1/2-1/2

[Event "Wednesday Night Engine Tour 13 rd Swiss 3m+1s Starts at 2200hrs ST"]
[Site "Infinity Chess"]
[Date "2018.1.17"]
[Round "5"]
[White "Thinker"]
[Black "miguello"]
[Result "1-0"]
[ECO "C50"]
[WhiteElo "2496"]
[BlackElo "2421"]
[WhiteEngine "BrainFish_180113_x64_modern_CTG"]
[BlackEngine "stockfish_18011309_x64_modern_CTG"]
[EventType "Swiss"]
[WhiteTeam ""]
[BlackTeam ""]
[PlyCount "143"]
[TimeControl "180+1"]

1. e4 e5 2. Nf3 Nc6 3. Bc4 Bc5 4. O-O Nf6 5. d3 d6 6. c3 a6 7. a4 h6 8. Re1 O-O 
9. h3 a5 10. Nbd2 Bd7 11. Nf1 Be6 12. Bb5 Na7 13. d4 Nxb5 14. axb5 exd4 
15. Nxd4 Bxd4 16. cxd4 Bc4 17. Ng3 Bxb5 18. Ra3 Re8 19. Nf5 Nxe4 20. Qg4 Qf6 
21. Nxh6+ Kh7 22. Rxe4 Bc6 23. Rf4 Qxh6 24. Bd2 Qg6 25. Qh4+ Qh6 26. Qg3 Kg8 
27. Rxf7 Qh7 28. Rxc7 Re6 29. d5 Bxd5 30. Bc3 Rg6 31. Rxa5 Rf8 32. Qxg6 Qxg6 
33. Rxg7+ Qxg7 34. Bxg7 Kxg7 35. Rxd5 Rd8 36. Kf1 Kf7 37. h4 Ke6 38. Rb5 d5 
39. Rxb7 Rh8 40. g3 Kd6 41. Ke2 Kc5 42. f4 Kc6 43. Rb3 Kc5 44. Kd3 Rg8 
45. Rc3+ Kd6 46. Kd4 Rb8 47. Ra3 Rb4+ 48. Kc3 Rc4+ 49. Kd3 Ke7 50. h5 Kf6 
51. Ra6+ Kf5 52. Ra5 Kg4 53. Rxd5 Rc6 54. Rg5+ Kf3 55. Kd4 Rb6 56. f5 Kf2 
57. Ke5 Ke2 58. f6 Rb5+ 59. Kf4 Rb8 60. Kf5 Rf8 61. h6 Kf1 62. h7 Rb8 
63. Kg6 Kg2 64. f7 Kg1 65. Kg7 Rxb2 66. f8=Q Rb7+ 67. Kg8 Rxh7 68. Kxh7 Kg2 
69. Rc5 Kh3 70. Qf3 Kh2 71. Rc1 Kh3 72. Rh1# 1-0

[Event "Wednesday Night Engine Tour 13 rd Swiss 3m+1s Starts at 2200hrs ST"]
[Site "Infinity Chess"]
[Date "2018.1.17"]
[Round "5"]
[White "MGR"]
[Black "KhalidOmar"]
[Result "1/2-1/2"]
[ECO "C55"]
[WhiteElo "2485"]
[BlackElo "2507"]
[WhiteEngine "asmFishW_2017-11-19_bmi2"]
[BlackEngine "Eman SL 1.63 64-bit BMI2"]
[EventType "Swiss"]
[WhiteTeam ""]
[BlackTeam ""]
[PlyCount "139"]
[TimeControl "180+1"]

1. e4 e5 2. Nf3 Nc6 3. Bc4 Nf6 4. d3 Bc5 5. c3 a5 6. O-O d6 7. Bg5 O-O 8. a4 h6 
9. Bh4 g5 10. Bg3 Kg7 11. Na3 Ne7 12. Nc2 Bb6 13. Ne3 Ng6 14. Bb3 Bxe3 
15. fxe3 Nh5 16. Nd2 Nxg3 17. hxg3 g4 18. Kf2 Qg5 19. Ke2 f5 20. exf5 Bxf5 
21. Ba2 h5 22. Qb3 Kh6 23. Rae1 d5 24. Qxb7 d4 25. Qc6 Rad8 26. Nc4 dxc3 
27. Bb1 cxb2 28. Qxc7 e4 29. dxe4 Be6 30. Nxb2 Rb8 31. Nd3 Rfc8 32. Qd6 Bc4 
33. Qd4 Qe5 34. Rc1 Rb2+ 35. Rc2 Rxc2+ 36. Bxc2 Qxg3 37. Rf6 Qxg2+ 38. Kd1 Bxd3 
39. Bxd3 Qg1+ 40. Rf1 Qg2 41. Rf6 Qg1+ 42. Kd2 Rc1 43. Rxg6+ Kxg6 44. e5+ Kf7 
45. Qd5+ Kf8 46. Qd6+ Kg7 47. Qd7+ Kf8 48. Qd8+ Kg7 49. Qf6+ Kg8 50. Qg5+ Kf8 
51. Qf5+ Kg7 52. Qg5+ Kf8 53. Qh6+ Kf7 54. Qxh5+ Ke7 55. Qg5+ Kf8 56. Qf5+ Kg8 
57. Qg5+ Kf8 58. Qf6+ Kg8 59. Qe6+ Kg7 60. Qe7+ Kg8 61. Qd8+ Kf7 62. Bg6+ Kxg6 
63. Qf6+ Kh7 64. Qe7+ Kg6 65. Qf6+ Kh7 66. Qf7+ Kh8 67. Qf8+ Kh7 68. Qf7+ Kh8 
69. Qf8+ Kh7 70. Qf7+ 1/2-1/2

[Event "Wednesday Night Engine Tour 13 rd Swiss 3m+1s Starts at 2200hrs ST"]
[Site "Infinity Chess"]
[Date "2018.1.17"]
[Round "5"]
[White "incredible"]
[Black "Victorious"]
[Result "1/2-1/2"]
[ECO "D31"]
[WhiteElo "2500"]
[BlackElo "2558"]
[WhiteEngine "Stockfish_x64_bmi2"]
[BlackEngine "BugChess2.41_Release"]
[EventType "Swiss"]
[WhiteTeam ""]
[BlackTeam ""]
[PlyCount "155"]
[TimeControl "180+1"]

1. d4 d5 2. c4 e6 3. Nc3 c6 4. Nf3 Nf6 5. Bg5 h6 6. Bxf6 Qxf6 7. e3 Nd7 
8. Bd3 dxc4 9. Bxc4 g6 10. O-O Bg7 11. e4 e5 12. d5 Nb6 13. Nd2 O-O 14. Bb3 h5 
15. Qe2 Bg4 16. f3 Bd7 17. Qf2 Qe7 18. Nc4 Nxc4 19. Bxc4 Bf6 20. Rad1 h4 
21. a3 Kg7 22. Rd3 Bg5 23. Rfd1 a5 24. Kh1 a4 25. Qb6 Rfc8 26. Qxb7 Rab8 
27. dxc6 Bxc6 28. Qxe7 Bxe7 29. R3d2 Be8 30. Ba6 Rc6 31. Bf1 Bg5 32. Rc2 Rc7 
33. g3 hxg3 34. hxg3 Be3 35. Re2 Bd4 36. Nd5 Rcc8 37. Nb4 Bd7 38. Kg2 Be6 
39. Rdd2 Bb6 40. Nd5 Bd4 41. Nb4 Rb7 42. Re1 Rh8 43. g4 Bc5 44. Nd3 Bd4 
45. Nb4 Kf6 46. Be2 Kg5 47. Bd1 Bc4 48. Rh1 Rxh1 49. Kxh1 Be3 50. Rh2 Kf4 
51. Nd5+ Bxd5 52. exd5 Rd7 53. Rh3 Rxd5 54. Bxa4 Rd3 55. Bc6 Bd4 56. b4 Rxa3 
57. b5 f5 58. gxf5 gxf5 59. Rh5 Ra1+ 60. Kg2 Ra2+ 61. Kf1 Rb2 62. Bd7 Kxf3 
63. Rxf5+ Ke3 64. Bc6 e4 65. Bxe4 Kxe4 66. Rg5 Rb1+ 67. Ke2 Rb2+ 68. Kf1 Kd3 
69. Rg3+ Be3 70. b6 Rb1+ 71. Kg2 Ke4 72. b7 Bf4 73. Rc3 Rb2+ 74. Kf1 Rxb7 
75. Ke2 Rb2+ 76. Kd1 Be3 77. Rc2 Rb1+ 78. Ke2 1/2-1/2

[Event "Wednesday Night Engine Tour 13 rd Swiss 3m+1s Starts at 2200hrs ST"]
[Site "Infinity Chess"]
[Date "2018.1.17"]
[Round "5"]
[White "ludimilojko"]
[Black "Vimtiroba"]
[Result "0-1"]
[ECO "C50"]
[WhiteElo "2359"]
[BlackElo "2530"]
[WhiteEngine "CorChess 2.0_x64_CTG"]
[BlackEngine "SF@Infinity_CTG"]
[EventType "Swiss"]
[WhiteTeam ""]
[BlackTeam ""]
[PlyCount "78"]
[TimeControl "180+1"]

1. e4 e5 2. Nf3 Nc6 3. Bc4 Bc5 4. O-O Nf6 5. d3 d6 6. c3 a5 7. Bg5 Ba7 8. Bh4 h6 
9. Na3 g5 10. Bg3 Qe7 11. Re1 Bg4 12. h3 Bxf3 13. Qxf3 h5 14. Bh2 g4 15. Qf5 h4 
16. hxg4 Rg8 17. Nb5 Bb6 18. g5 Nd7 19. d4 Rxg5 20. Qh3 O-O-O 21. f4 Rg7 
22. Re2 Kb8 23. Rd1 Nf6 24. a4 Nh5 25. Bd5 Ng3 26. Bxg3 Rxg3 27. Qh2 exf4 
28. Rf1 Ne5 29. Rxf4 Qg5 30. Ref2 Ng4 31. Rxg4 Qxg4 32. Bxf7 c6 33. Na3 h3 
34. Nc2 Rxg2+ 35. Rxg2 Qd1+ 36. Kf2 Qxc2+ 37. Kg3 Qd3+ 38. Kf2 hxg2 39. Qxg2 Rh8 
0-1

[Event "Wednesday Night Engine Tour 13 rd Swiss 3m+1s Starts at 2200hrs ST"]
[Site "Infinity Chess"]
[Date "2018.1.17"]
[Round "5"]
[White "star99"]
[Black "jery"]
[Result "1/2-1/2"]
[ECO "E20"]
[WhiteElo "2487"]
[BlackElo "2453"]
[WhiteEngine "Cryptic AIL V1"]
[BlackEngine "stockfish_18011309_x64_modern_CTG"]
[EventType "Swiss"]
[WhiteTeam ""]
[BlackTeam ""]
[PlyCount "79"]
[TimeControl "180+1"]

1. d4 Nf6 2. c4 e6 3. Nc3 d5 4. Nf3 c6 5. Bg5 h6 6. Bh4 dxc4 7. e4 g5 8. Bg3 b5 
9. Be2 Bb7 10. O-O Nbd7 11. Ne5 Bg7 12. Nxd7 Nxd7 13. Bd6 a6 14. e5 c5 
15. d5 Nxe5 16. dxe6 Nd3 17. exf7+ Kxf7 18. Bxd3 cxd3 19. Qxd3 Qd7 20. Rad1 Rad8 
21. Qg3 Qf5 22. f4 g4 23. Be5 Rhe8 24. Bxg7 Rxd1 25. Nxd1 Re2 26. Ne3 Qe4 
27. Re1 Rxe1+ 28. Qxe1 Kxg7 29. Qc3+ Kh7 30. Qxc5 Qxf4 31. g3 Qe4 32. Qc7+ Kg6 
33. Qd6+ Kh7 34. Qd7+ Kh8 35. Qd8+ Kh7 36. Qd7+ Kh8 37. Qd8+ Kh7 38. Qc7+ Kg6 
39. Qd6+ Kh7 40. Qd7+ 1/2-1/2

[Event "Wednesday Night Engine Tour 13 rd Swiss 3m+1s Starts at 2200hrs ST"]
[Site "Infinity Chess"]
[Date "2018.1.17"]
[Round "4"]
[White "OlivierEvan"]
[Black "RonWeasley"]
[Result "1/2-1/2"]
[ECO "A15"]
[WhiteElo "2447"]
[BlackElo "2501"]
[WhiteEngine "stockfish_18011309_x64"]
[BlackEngine "BrainFish 130117_CTG"]
[EventType "Swiss"]
[WhiteTeam ""]
[BlackTeam ""]
[PlyCount "120"]
[TimeControl "180+1"]

1. c4 Nf6 2. d4 e6 3. Nc3 d5 4. Nf3 c6 5. e3 Nbd7 6. Bd3 dxc4 7. Bxc4 b5 
8. Bd3 a6 9. e4 c5 10. e5 cxd4 11. Nxb5 axb5 12. exf6 gxf6 13. O-O Qb6 
14. Bf4 Bb7 15. Qe2 Bd6 16. Bxd6 Qxd6 17. Be4 Bxe4 18. Qxe4 O-O 19. Nxd4 Qe5 
20. Qh4 Rfc8 21. Rad1 Rxa2 22. Nf3 Qc7 23. Qh6 Nf8 24. Rc1 Qd8 25. Rxc8 Qxc8 
26. Qxf6 Qc2 27. b3 Qf5 28. Qxf5 exf5 29. Nd4 Rb2 30. Nxb5 Kg7 31. g3 Ne6 
32. Ra1 f4 33. Nd6 fxg3 34. hxg3 Rxb3 35. Ra7 Ng5 36. Ra6 Ne6 37. Kg2 Rb2 
38. Ra5 Rb6 39. Nf5+ Kg6 40. Nh4+ Kg7 41. Kh3 Rc6 42. Nf5+ Kf6 43. Ne3 Rc5 
44. Rxc5 Nxc5 45. Kg4 Ke5 46. Nc4+ Ke6 47. f3 Kf6 48. Nd6 Ke6 49. Nf5 Kf6 
50. Ne3 Ke5 51. f4+ Ke4 52. Nc4 Kd5 53. Ne3+ Ke4 54. Nc4 f6 55. Nd6+ Kd5 
56. Nb5 Ne4 57. Nc7+ Kd6 58. Nb5+ Kc5 59. Kf5 Nxg3+ 60. Kxf6 Kxb5 1/2-1/2

[Event "Wednesday Night Engine Tour 13 rd Swiss 3m+1s Starts at 2200hrs ST"]
[Site "Infinity Chess"]
[Date "2018.1.17"]
[Round "4"]
[White "miguello"]
[Black "avilllaa"]
[Result "1/2-1/2"]
[ECO "E10"]
[WhiteElo "2419"]
[BlackElo "2477"]
[WhiteEngine "stockfish_18011309_x64_modern_CTG"]
[BlackEngine "Cryptic AIL V1"]
[EventType "Swiss"]
[WhiteTeam ""]
[BlackTeam ""]
[PlyCount "52"]
[TimeControl "180+1"]

1. d4 Nf6 2. c4 e6 3. Nf3 d5 4. Nc3 Bb4 5. Qa4+ Nc6 6. e3 O-O 7. Bd2 dxc4 
8. Bxc4 Bd6 9. a3 e5 10. d5 Ne7 11. e4 c6 12. dxc6 Nxc6 13. Be3 Bg4 14. Be2 Qe7 
15. O-O Bc5 16. Bg5 Bxf3 17. Bxf3 Nd4 18. Nd5 Nxf3+ 19. gxf3 Qe6 20. Nc7 Qh3 
21. Nxa8 Ng4 22. fxg4 Qxg4+ 23. Kh1 Qf3+ 24. Kg1 Qg4+ 25. Kh1 Qf3+ 26. Kg1 Qg4+ 
1/2-1/2

[Event "Wednesday Night Engine Tour 13 rd Swiss 3m+1s Starts at 2200hrs ST"]
[Site "Infinity Chess"]
[Date "2018.1.17"]
[Round "4"]
[White "denochss"]
[Black "Dovahkiin"]
[Result "1/2-1/2"]
[ECO "B90"]
[WhiteElo "2473"]
[BlackElo "2432"]
[WhiteEngine "BrainFish_171111_x64_bmi2"]
[BlackEngine "corchess_x64_modern_CTG"]
[EventType "Swiss"]
[WhiteTeam ""]
[BlackTeam ""]
[PlyCount "107"]
[TimeControl "180+1"]

1. e4 c5 2. Nf3 d6 3. d4 cxd4 4. Nxd4 Nf6 5. Nc3 a6 6. Be3 e5 7. Nb3 Be6 
8. f3 h5 9. Qd2 Nbd7 10. Nd5 Bxd5 11. exd5 g6 12. Be2 Bg7 13. O-O b6 14. c4 O-O 
15. Rae1 Re8 16. Bf2 Qc7 17. Bd3 Kh7 18. a4 Bh6 19. Qd1 Bg5 20. Nd2 Nc5 
21. Bc2 Kg7 22. h4 Bh6 23. g4 hxg4 24. fxg4 Bf4 25. b4 Ncd7 26. Ne4 Rh8 
27. g5 Nxe4 28. Rxe4 f5 29. gxf6+ Nxf6 30. Rxf4 exf4 31. Qd3 Qf7 32. Qh3 Qd7 
33. Qxd7+ Nxd7 34. Bd4+ Ne5 35. Rxf4 Rh5 36. Bd1 g5 37. Bxh5 gxf4 38. c5 bxc5 
39. bxc5 Kf6 40. c6 Ke7 41. Be2 f3 42. Bf1 Rg8+ 43. Kf2 Ng4+ 44. Ke1 Rf8 
45. Bxa6 f2+ 46. Bxf2 Nxf2 47. c7 Nd3+ 48. Kd2 Nc5 49. c8=Q Rxc8 50. Bxc8 Nxa4 
51. h5 Nb6 52. h6 Kf6 53. Bf5 Nxd5 54. Bc2 1/2-1/2

[Event "Wednesday Night Engine Tour 13 rd Swiss 3m+1s Starts at 2200hrs ST"]
[Site "Infinity Chess"]
[Date "2018.1.17"]
[Round "4"]
[White "Cepri"]
[Black "Thinker"]
[Result "1/2-1/2"]
[ECO "C50"]
[WhiteElo "2484"]
[BlackElo "2496"]
[WhiteEngine "asmFishW_12J18Mb_CTG"]
[BlackEngine "BrainFish_180113_x64_modern_CTG"]
[EventType "Swiss"]
[WhiteTeam ""]
[BlackTeam ""]
[PlyCount "171"]
[TimeControl "180+1"]

1. e4 e5 2. Nf3 Nc6 3. Bc4 Bc5 4. d3 Nf6 5. c3 d6 6. O-O O-O 7. h3 a6 8. Re1 Ba7 
9. a4 h6 10. Nbd2 Re8 11. b4 Be6 12. Bxe6 Rxe6 13. Qc2 Qd7 14. Nf1 d5 
15. Be3 Bxe3 16. Nxe3 Rd8 17. b5 Ne7 18. c4 d4 19. Nd5 Ng6 20. Rab1 Rb8 
21. g3 Qd8 22. Nxf6+ Rxf6 23. Kg2 Ra8 24. Rb2 Qc8 25. Reb1 a5 26. Nh2 Qe8 
27. c5 Qe7 28. Qb3 Rd8 29. Rc1 h5 30. h4 Nf8 31. Nf3 Rg6 32. Qc2 Ne6 33. Kg1 Qf6 
34. Qd1 Rb8 35. Kf1 Ra8 36. Rbc2 Rd8 37. Kg2 Re8 38. Kg1 Nf4 39. Kh2 Ne6 
40. Kg2 Rd8 41. Kh1 Re8 42. Kh2 Rh6 43. Rb1 Rg6 44. Kh1 Rh6 45. Kg1 Ra8 
46. Kh2 Rg6 47. Qe2 Re8 48. Kh1 Rh6 49. Qd1 Ra8 50. Kg1 Rd8 51. Kh2 Ra8 
52. Rcc1 Rb8 53. Kg2 Rd8 54. Kf1 Re8 55. Ke1 Qe7 56. Nxe5 Nxc5 57. f4 Re6 
58. Kf2 Rxe5 59. fxe5 Qxe5 60. Qc2 b6 61. Kg2 f5 62. exf5 Qe2+ 63. Qxe2 Rxe2+ 
64. Kh3 Nxd3 65. Rxc7 Nf2+ 66. Kg2 Ne4+ 67. Kf3 Re3+ 68. Kf4 Nc3 69. Rxc3 Rxc3 
70. Re1 Ra3 71. Re6 Rxa4 72. Rxb6 Kf7 73. Rb8 d3+ 74. Ke3 Ra3 75. Ra8 a4 
76. b6 Rb3 77. Rxa4 Rxb6 78. Kxd3 Rb3+ 79. Ke4 Rxg3 80. Ra7+ Kg8 81. Ke5 Rg1 
82. Ra8+ Kf7 83. Ra7+ Kg8 84. Ra6 Kf7 85. Ra4 Re1+ 86. Kf4 1/2-1/2

[Event "Wednesday Night Engine Tour 13 rd Swiss 3m+1s Starts at 2200hrs ST"]
[Site "Infinity Chess"]
[Date "2018.1.17"]
[Round "4"]
[White "marudam"]
[Black "KhalidOmar"]
[Result "1/2-1/2"]
[ECO "C55"]
[WhiteElo "2488"]
[BlackElo "2508"]
[WhiteEngine "stockfish291217_CTG"]
[BlackEngine "Eman SL 1.63 64-bit BMI2"]
[EventType "Swiss"]
[WhiteTeam ""]
[BlackTeam ""]
[PlyCount "115"]
[TimeControl "180+1"]

1. e4 e5 2. Nf3 Nc6 3. Bc4 Nf6 4. d3 Bc5 5. c3 a5 6. O-O d6 7. Bg5 O-O 
8. Nbd2 h6 9. Bh4 g5 10. Bg3 Kg7 11. a3 Ba7 12. b4 Ne7 13. h3 Ng6 14. d4 Nh5 
15. bxa5 f5 16. exf5 Bxf5 17. Qb3 e4 18. Nh2 Ngf4 19. Rae1 d5 20. Be2 Nxe2+ 
21. Rxe2 Nf4 22. Ree1 c5 23. dxc5 Bxc5 24. c4 Qxa5 25. Bxf4 gxf4 26. Qxb7+ Rf7 
27. Qxd5 e3 28. Ne4 Bxe4 29. Qe5+ Kg8 30. Qxe4 exf2+ 31. Rxf2 Ra6 32. Rd1 Bxf2+ 
33. Kxf2 Qc5+ 34. Kf1 Qe3 35. Qd5 Re6 36. Nf3 Qe2+ 37. Kg1 Rg7 38. Nh4 Rg5 
39. Qa8+ Re8 40. Rd8 Qd1+ 41. Rxd1 Rxa8 42. Kf2 Ra6 43. Rd8+ Kf7 44. Rd7+ Kg8 
45. Rd8+ Kf7 46. Rd7+ Ke8 47. Rd4 Rxa3 48. Rxf4 Kd8 49. Rd4+ Kc7 50. Rf4 Kc6 
51. Rf5 Rxf5+ 52. Nxf5 h5 53. g3 Kc5 54. g4 Rxh3 55. gxh5 Rxh5 56. Ng3 Re5 
57. Ne2 Re8 58. Kf3 1/2-1/2

[Event "Wednesday Night Engine Tour 13 rd Swiss 3m+1s Starts at 2200hrs ST"]
[Site "Infinity Chess"]
[Date "2018.1.17"]
[Round "4"]
[White "BraveDevil"]
[Black "incredible"]
[Result "1/2-1/2 "]
[ECO "A50"]
[WhiteElo "2518"]
[BlackElo "2499"]
[WhiteEngine "Cryptic AIL V1"]
[BlackEngine "Stockfish_x64_bmi2"]
[EventType "Swiss"]
[WhiteTeam ""]
[BlackTeam ""]
[PlyCount "186"]
[TimeControl "180+1"]

1. d4 Nf6 2. c4 b6 3. Nc3 Bb7 4. Qc2 d6 5. Nf3 Nbd7 6. e4 e5 7. d5 Be7 
8. Be2 O-O 9. Be3 Ng4 10. Bd2 a6 11. O-O c6 12. b4 Ngf6 13. dxc6 Bxc6 
14. Bd3 Rc8 15. Qd1 Re8 16. Qe2 Nf8 17. Nd5 Rb8 18. Rac1 Ng6 19. Rfe1 Bd7 
20. Nc3 Nh5 21. g3 Nf6 22. Nd5 b5 23. Kg2 bxc4 24. Bxc4 Nxd5 25. Bxd5 Bb5 
26. Qd1 Qd7 27. Qb3 Rf8 28. a3 h6 29. h3 Bd8 30. Qa2 Ne7 31. Bb3 Bc6 32. Qc2 Kh8 
33. g4 Bb6 34. a4 Qa7 35. Qd3 Bxf2 36. Re2 Bd4 37. Nxd4 exd4 38. Kh2 f6 
39. Rc4 Rbd8 40. Bc2 Be8 41. Rxd4 Ng6 42. Kg2 Ne5 43. Qc3 Bf7 44. Bf4 Rc8 
45. Qe3 Nc4 46. Qf2 Qb7 47. Bxd6 Nxd6 48. Rxd6 Bg6 49. Bd3 Qxb4 50. Qd4 Qa3 
51. Bxa6 Rc1 52. Rd2 Ra1 53. Be2 Qxa4 54. Qxa4 Rxa4 55. Kf2 Bxe4 56. R6d4 Rxd4 
57. Rxd4 Bc2 58. h4 g5 59. Bd3 Rc8 60. hxg5 hxg5 61. Bxc2 Rxc2+ 62. Kg3 Rc3+ 
63. Kf2 Rc7 64. Rb4 Rf7 65. Rb1 Kg8 66. Rb4 Re7 67. Ra4 Rb7 68. Ra6 Kg7 
69. Ra1 Kh7 70. Kf3 Kg8 71. Ke3 Kf7 72. Kf2 Rc7 73. Ra6 Re7 74. Kg3 Kg7 
75. Ra1 Kh7 76. Rd1 Rf7 77. Rd6 Kg6 78. Rd1 Rc7 79. Kf2 Rc2+ 80. Kg3 Rc3+ 
81. Kf2 Rc7 82. Rd6 Rb7 83. Rd1 Rb4 84. Kf3 Rb7 85. Kg2 Rf7 86. Kf3 Kh7 
87. Rd2 Re7 88. Rd1 Kg7 89. Ra1 Kg6 90. Rb1 Rd7 91. Rb6 Ra7 92. Rb1 Re7 
93. Ra1 f5 1/2-1/2

[Event "Wednesday Night Engine Tour 13 rd Swiss 3m+1s Starts at 2200hrs ST"]
[Site "Infinity Chess"]
[Date "2018.1.17"]
[Round "4"]
[White "Vimtiroba"]
[Black "Victorious"]
[Result "1/2-1/2"]
[ECO "C50"]
[WhiteElo "2529"]
[BlackElo "2559"]
[WhiteEngine "SF@Infinity_CTG"]
[BlackEngine "BugChess2.41_Release"]
[EventType "Swiss"]
[WhiteTeam ""]
[BlackTeam ""]
[PlyCount "118"]
[TimeControl "180+1"]

1. e4 e5 2. Nf3 Nc6 3. Bc4 Bc5 4. O-O Nf6 5. d3 O-O 6. c3 d6 7. a4 a5 8. Bg5 h6 
9. Bh4 g5 10. Bg3 Kg7 11. Nbd2 Ba7 12. Re1 Ng8 13. Nf1 Nge7 14. Ne3 f5 
15. exf5 Nxf5 16. Nxf5+ Bxf5 17. Bd5 Rb8 18. Rc1 Bb6 19. h4 Qf6 20. Qd2 gxh4 
21. Bxh4 Qg6 22. d4 Rbe8 23. Bg3 Bd7 24. Be4 Qg4 25. Nh2 Qg5 26. Qxg5+ hxg5 
27. Bxc6 Bxc6 28. dxe5 dxe5 29. Ng4 e4 30. c4 Rf5 31. b3 Kg6 32. Ne3 Bxe3 
33. Rxe3 Rf7 34. Rd1 Ree7 35. Kf1 Kf5 36. Ke2 Rd7 37. Rxd7 Rxd7 38. Rc3 Ke6 
39. Bh2 Ke7 40. Rh3 Kf6 41. Rh8 e3 42. Kxe3 Bxg2 43. Rf8+ Ke6 44. Re8+ Kf7 
45. Re5 Bf1 46. Rxa5 Rd3+ 47. Ke4 Rxb3 48. Bxc7 g4 49. Rf5+ Ke6 50. Rc5 Rb4 
51. a5 Bxc4 52. Re5+ Kd7 53. Rc5 Bf1+ 54. Kf5 Rc4 55. Rxc4 Bxc4 56. Bf4 Be2 
57. Bg3 Kc6 58. Be5 b5 59. axb6 Kxb6 1/2-1/2

[Event "Wednesday Night Engine Tour 13 rd Swiss 3m+1s Starts at 2200hrs ST"]
[Site "Infinity Chess"]
[Date "2018.1.17"]
[Round "4"]
[White "Gilgamesch"]
[Black "ludimilojko"]
[Result "1/2-1/2"]
[ECO "C50"]
[WhiteElo "2572"]
[BlackElo "2350"]
[WhiteEngine "BrainFish_171005_x64_bmi2"]
[BlackEngine "CorChess 2.0_x64_CTG"]
[EventType "Swiss"]
[WhiteTeam ""]
[BlackTeam ""]
[PlyCount "83"]
[TimeControl "180+1"]

1. e4 e5 2. Nf3 Nc6 3. Bc4 Bc5 4. Bb3 Nf6 5. d3 d6 6. a4 O-O 7. O-O a5 8. c3 h6 
9. Re1 Re8 10. Nbd2 Be6 11. Nc4 Qd7 12. Be3 Bxe3 13. Nxe3 Bxb3 14. Qxb3 Nd8 
15. Nd5 Nxd5 16. exd5 f5 17. Re2 Qf7 18. Rae1 c6 19. Nd4 cxd5 20. f4 Nc6 
21. Nxc6 bxc6 22. Qb6 e4 23. Qxc6 d4 24. dxe4 d3 25. Re3 Rac8 26. Qxd6 Rcd8 
27. Qb6 d2 28. Rd1 fxe4 29. Rxe4 Rb8 30. Rxe8+ Qxe8 31. Qf2 Rxb2 32. h3 Qxa4 
33. Rxd2 Rxd2 34. Qxd2 Qe4 35. Qd8+ Kh7 36. Qxa5 Qe3+ 37. Kf1 Qxf4+ 38. Kg1 Qe3+ 
39. Kh2 Qf4+ 40. Kg1 Qe3+ 41. Kh2 Qf4+ 42. Kg1 1/2-1/2

[Event "Wednesday Night Engine Tour 13 rd Swiss 3m+1s Starts at 2200hrs ST"]
[Site "Infinity Chess"]
[Date "2018.1.17"]
[Round "4"]
[White "jery"]
[Black "Eman"]
[Result "1/2-1/2"]
[ECO "C55"]
[WhiteElo "2450"]
[BlackElo "2518"]
[WhiteEngine "stockfish_18011309_x64_modern_CTG"]
[BlackEngine "Eman SL 1.63 64-bit POPCNT"]
[EventType "Swiss"]
[WhiteTeam ""]
[BlackTeam ""]
[PlyCount "45"]
[TimeControl "180+1"]

1. e4 e5 2. Nf3 Nc6 3. Bc4 Nf6 4. d3 Bc5 5. c3 a5 6. a4 h6 7. O-O d6 8. Re1 O-O 
9. h3 Be6 10. Bxe6 fxe6 11. Be3 Bxe3 12. Rxe3 Rf7 13. Qb3 Qd7 14. Nbd2 Raf8 
15. d4 exd4 16. cxd4 Nb4 17. Rc3 Nh5 18. g3 Nf6 19. Rac1 Qc8 20. Re1 Qd7 
21. Rec1 Qc8 22. Re1 Qd7 23. Rec1 1/2-1/2